 Dungeon Crawl Stone Soup version 0.31.0-32-g396128a36d (webtiles) character file.

Game seed: 17742110509730525036

31 Doomgape the Covered (level 3, -4/24 HPs)
             Began as a Gargoyle Fighter on Mar 21, 2024.
             Killed by divine providence
             ... invoked by an orc priest
              (14 damage)
             ... on level 2 of the Dungeon.
             The game lasted 00:02:54 (774 turns).

Doomgape the Covered (Gargoyle Fighter)              Turns: 774, Time: 00:02:55

Health: -4/24      AC: 15    Str: 21    XL:     3   Next: 22%
Magic:  3/3        EV:  5    Int:  8    God:
Gold:   62         SH:  5    Dex: 15    Spells: 2/2 levels left

rFire   . . .        a - +0 flail
rCold   . . .        c - +0 buckler
rNeg    + . .        l - +1 plate armour
rPois   ∞            (no helmet)
rElec   +            (no cloak)
rCorr   .            (no gloves)
SInv    .            (no boots)
Will    .....        (no amulet) Stlth
                     g - +6 ring of dexterity
HPRegen 0.24/turn    (no ring)
MPRegen 0.08/turn

%: no passive effects
@: no status effects
A: sickness immunity, AC +3, negative energy resistance 1, electricity
resistance, torment resistance 1, petrification resistance
a: no special abilities


You were on level 2 of the Dungeon.
You visited 1 branch of the dungeon, and saw 2 of its levels.

You collected 62 gold pieces.

Inventory:

Hand Weapons
 a - a +0 flail (weapon)
Armour
 c - a +0 buckler (worn)
 l - a +1 plate armour (worn)
Jewellery
 g - a +6 ring of dexterity (left hand)
Scrolls
 e - a scroll of noise
 f - a scroll of vulnerability
 h - a scroll of identify {unknown}
 i - a scroll of teleportation {unknown}
 j - 2 scrolls of amnesia
 k - a scroll of enchant armour
 m - a scroll of immolation {unknown}
Potions
 b - a potion of berserk rage {unknown}
 d - a potion of might
 n - a potion of heal wounds {unknown}


   Skills:
 + Level 3.8 Fighting
 + Level 2.6 Maces & Flails
 + Level 3.8 Armour
 - Level 3.2 Shields


You had 2 spell levels left.
You didn't know any spells.
Your spell library was empty.

Dungeon Overview and Level Annotations

Branches:
Dungeon (2/15)

Altars:


Innate Abilities, Weirdness & Mutations

You are immune to sickness and miasma.
Your stone body is resilient. (AC +3)
You are immune to poison.
You resist negative energy. (rN+)
You are resistant to electric shocks. (rElec)
You are resistant to unholy torment.
You are immune to petrification.


Message History

You hit the bat.
You kill the bat!
No target in view!
No target in view!
Found a scale mail.
A kobold comes into view. It is wielding a +0 short sword.
Found 13 gold pieces.
The kobold shouts!
You hear a shout! x3
You hear a shout!
You sock the kobold!
You kill the kobold!
Found 5 gold pieces.
You see here a +0 short sword.
An orc and 2 orc priests come into view.
An orc priest is wielding a +2 short sword of draining.
The orc shouts!
The orc priest shouts! x2
An orc comes into view. It is wielding a +0 flail.
You see here 13 gold pieces.
You now have 62 gold pieces (gained 13).
You see here a +0 short sword.
You hit the orc but do no damage. The orc closely misses you.
You hit the orc but do no damage. The orc closely misses you.
You hit the orc but do no damage. The orc hits you with a +0 morningstar.
You hit the orc.
The orc is moderately wounded.
The orc hits you with a +0 morningstar! The orc hits you but does no damage.
You are too injured to fight recklessly!
You hit the orc.
The orc is heavily wounded.
The orc hits you but does no damage.
You hit the orc but do no damage.
The orc is heavily wounded.
The orc barely misses you.
You closely miss the orc.
The orc is heavily wounded.
The orc hits you with a +0 morningstar.
The orc priest invokes the aid of Beogh against you.
Beogh smites you!
Ouch! That really hurt!
You die... ~≈≈≈~~.P.........# ≈≈~~≈≈≈P#^...[.... .. ~~~≈≈~~.#.........#####... ~~~≈~...............$..... ~~~≈†........ #oo.ooo..

~≈~♣P...# #.####...
.~~~P...####### #)#
.P.~~P.......<####o#
.P..............@oo#
.......†#.##########
......#...#
......#)#######
..............#
######........# ####
#........# ...#
#........# ...#
#........#


You could see an orc priest and 2 orcs.

Vanquished Creatures
  A ribbon worm (D:2)
  A dart slug (D:1)
  3 ball pythons (D:1)
  2 endoplasms (D:1)
  A goblin (D:2)
  2 hobgoblins
  2 jackals (D:1)
  A kobold (D:2)
  A quokka (D:1)
  3 bats
  3 frilled lizards (D:1)
  6 rats (D:1)
26 creatures vanquished.

Notes
Turn   | Place    | Note
-------+----------+-------------------------------------------
     0 | D:1      | Doomgape the Gargoyle Fighter began the quest for the Orb.
     0 | D:1      | Reached XP level 1. HP: 14/14 MP: 1/1
   128 | D:1      | Reached XP level 2. HP: 17/19 MP: 2/2
   186 | D:1      | Found a faded altar of an unknown god.
   673 | D:2      | Reached XP level 3. HP: 24/24 MP: 3/3
   774 | D:2      | Killed from afar by an orc priest

Illustrated notes

Levels and vault maps discovered:
D:1:      amcnicky_arrival_double_pillar, layout_rooms,
          chequers_ecumenical_altar_twisty, due_unseen_surprise
D:2:      layout_basic, guppyfry_early_lair_pool

Action                     || total
---------------------------++-------
  Melee: Flail             ||    71
    Use: Scroll            ||     4
 Armour: Scale mail        ||    10
         Chain mail        ||    17
         Plate armour      ||    28
  Dodge: Dodged            ||    29
  Block: Buckler           ||    19
